 Dungeon Crawl Stone Soup version 0.28-a0-664-gc179e30c89 (webtiles) character file.

Game seed: 1588229004251132997

577 ytrimaz the Skirmisher (level 7, -1/56 HPs)
             Began as a Formicid Fighter on Oct 15, 2021.
             Slain by a water moccasin (4 damage)
             ... on level 5 of the Dungeon.
             The game lasted 00:05:11 (4222 turns).

ytrimaz the Skirmisher (Formicid Fighter)           Turns: 4222, Time: 00:05:12

Health: -1/56      AC: 10    Str: 26    XL:     7   Next: 62%
Magic:  7/7        EV: 10    Int:  7    God:
Gold:   202        SH:  4    Dex: 10    Spells: 6/6 levels left

rFire   . . .      SeeInvis +   a - +0 war axe
rCold   . . .      Faith    .   c - +0 buckler
rNeg    . . .      Spirit   .   b - +0 scale mail
rPois   .          Reflect  .   (helmet unavailable)
rElec   .          Harm     .   t - +0 cloak
rCorr   .          Rampage  .   g - +1 pair of gloves {Str+3}
Will    .....                   (no boots)
Stlth   ..........              (no amulet)
HPRegen 0.18/turn               (no ring)
MPRegen 0.10/turn               (no ring)

@: no status effects
A: permanent stasis, dig shafts and tunnels, antennae 3, four strong arms, see
invisible
a: Dig, Shaft Self


You were on level 5 of the Dungeon.
You visited 1 branch of the dungeon, and saw 5 of its levels.

You collected 202 gold pieces.

Inventory:

Hand Weapons
 a - a +0 war axe (weapon)
Armour
 b - a +0 scale mail (worn)
 c - a +0 buckler (worn)
 g - a +1 pair of gloves of strength (worn)
 t - a +0 cloak (worn)
Jewellery
 j - a ring of fire
Wands
 d - a wand of iceblast (6)
Scrolls
 e - a scroll of identify {unknown}
 h - a scroll of amnesia {unknown}
 k - a scroll of vulnerability {unknown}
 l - 4 scrolls of magic mapping {unknown}
 m - a scroll of blinking {unknown}
 o - a scroll of noise {unknown}
 p - a scroll of fear {unknown}
 r - a scroll of brand weapon {unknown}
 u - a scroll of holy word {unknown}
Potions
 f - a potion of degeneration


   Skills:
 * Level 5.4 Fighting
 + Level 5.3 Axes
 + Level 5.0 Armour
 + Level 4.4 Shields
 + Level 0.1 Evocations


You had 6 spell levels left.
You didn't know any spells.
Your spell library contained the following spells:

 Spells                   Type           Power      Damage    Failure   Level
 Beastly Appendage        Tmut           0%         N/A       71%         1
 Wereblood                Tmut           0%         N/A       83%         2
 Frozen Ramparts          Ice            0%         1d2       97%         3
 Ozocubu's Armour         Ice            0%         N/A       97%         3
 Spider Form              Tmut/Pois      0%         N/A       97%         3
 Fire Storm               Conj/Fire      0%         5d1       100%        9


Dungeon Overview and Level Annotations

Branches:
Dungeon (5/15)
 Temple: D:4-7

Altars:
Gozag
Trog

Annotations:
D:4 3 runed translucent doors, Yajnam's ghost, amateur HOBe


Innate Abilities, Weirdness & Mutations

You cannot be hasted, slowed, berserked, paralysed or teleported.
You can dig through walls and to a lower floor.
You have a pair of large antennae on your head. (SInv)
Your four strong arms can wield two-handed weapons with a shield.
You have supernaturally acute eyesight. (SInv)


Message History

The gnoll is severely wounded.
The iceblast engulfs the gnoll!
The gnoll is heavily wounded.
The iceblast engulfs the sky beast!
The sky beast is heavily wounded.
Unknown command.
Unknown command.
Aiming: Iceblast
Press: ? - help, Shift-Dir - straight line, f - water moccasin, p - gnoll
Aim: a water moccasin The mass of ice explodes!
The iceblast engulfs the gnoll!
You kill the gnoll!
The iceblast engulfs the sky beast!
The sky beast is almost dead.
You block the sky beast's attack.
You see here a +0 flail.
You slash the sky beast!
You kill the sky beast!
A wyvern skeleton comes into view.
The water moccasin closely misses you.
Your Armour skill increases to level 5!
You closely miss the water moccasin.
The water moccasin bites you but does no damage.
The water moccasin barely misses you.
Unknown command.
You barely miss the water moccasin. The water moccasin bites you!
* * * LOW HITPOINT WARNING * * *
You block the water moccasin's attack.
Unknown command.
Okay, then.
The water moccasin bites you!
* * * LOW HITPOINT WARNING * * *
Unknown command.
You are too injured to fight recklessly!
Unknown command.
Are you sure you want to shaft yourself?
You block the water moccasin's attack.
You begin to dig a shaft.
You continue digging a shaft.
The water moccasin bites you.
You die...

#..........
#.........#
##.......##
#.......##
##........ .
##......#
....###########
##.......
........))Zg..#
##........
........####S@#
#####....#....
..####..#{
#..###.......#####.
#.{# #P.##........#
## { #..#
#..##........# #..#
#P..#........# Z..#
#............# ...#
##...........#
#............#
#...........##


You could see a water moccasin, a gnoll and a wyvern skeleton.

Vanquished Creatures
  Sigmund (D:3)
  A sky beast (D:5)
  A kobold brigand (D:4)
  A gnoll shaman (D:5)
  Ijyb (D:3)
  An iguana (D:4)
  A howler monkey zombie (D:5)
  4 gnolls (D:5)
  A howler monkey skeleton (D:3)
  6 adders
  A white imp (D:5)
  3 worms
  4 dart slugs
  An orc (D:3)
  8 endoplasms
  2 giant cockroaches
  5 hobgoblins
  2 jackals (D:1)
  3 kobolds
  3 quokkas
  A ball python (D:2)
  2 bats
  4 frilled lizards
  9 goblins
  5 rats
71 creatures vanquished.

Notes
Turn   | Place    | Note
-------+----------+-------------------------------------------
     0 | D:1      | ytrimaz the Formicid Fighter began the quest for the Orb.
     0 | D:1      | Reached XP level 1. HP: 18/18 MP: 1/1
   376 | D:1      | Reached XP level 2. HP: 24/24 MP: 2/2
  1257 | D:2      | Reached XP level 3. HP: 29/30 MP: 3/3
  1975 | D:3      | Reached XP level 4. HP: 37/37 MP: 4/4
  2094 | D:3      | Found a bloodstained altar of Trog.
  2217 | D:3      | Found an opulent altar of Gozag.
  2217 | D:3      | Noticed Sigmund
  2221 | D:3      | You fall into a shaft and drop 1 floor!
  2235 | D:4      | Found a runed translucent gate.
  2236 | D:4      | Found a runed translucent gate.
  2237 | D:4      | Found a runed translucent gate.
  2237 | D:4      | Noticed Yajnam's ghost (amateur HOBe)
  2282 | D:3      | Killed Sigmund
  2283 | D:3      | Reached XP level 5. HP: 30/43 MP: 5/5
  2283 | D:3      | Reached XP level 6. HP: 34/49 MP: 6/6
  2378 | D:3      | Noticed Ijyb
  2397 | D:3      | Killed Ijyb
  3473 | D:4      | Got the Collected Works on the Hurtful Snowflakes
  3575 | D:4      | Reached XP level 7. HP: 44/55 MP: 7/7
  3921 | D:5      | Entered Level 5 of the Dungeon
  4021 | D:5      | Reached skill level 5 in Fighting
  4153 | D:5      | Noticed a water moccasin
  4166 | D:5      | Reached skill level 5 in Axes
  4189 | D:5      | Gained mutation: You have supernaturally acute eyesight.
                  | (SInv) [potion of mutation]
  4216 | D:5      | Reached skill level 5 in Armour
  4222 | D:5      | Slain by a water moccasin

Illustrated notes

Levels and vault maps discovered:
D:1:      lemuel_arrival_room, layout_loops_ring
D:2:      layout_basic
D:3:      layout_loops_cross, lemuel_doored_altar, mainiacjoe_overflow_alcove_1,
          uniq_ijyb, uniq_sigmund
D:4:      layout_basic, gup_sewer_entry_bowl, gammafunk_ghost_split
D:5:      corexii_shack_village, layout_cave_pods

Skill      XL: |  1  2  3  4  5  6  7 |
---------------+----------------------+-----
Shields        | 4 |  4.4
Armour         | 4 5 |  5.0
Fighting       | 4 5 |  5.4
Axes           | 4 5 |  5.3
Evocations     | |  0.1

Action                   |  1- 3 |  4- 6 |  7- 9 || total
-------------------------+-------+-------+-------++-------
Melee: War axe           |    71 |   121 |    34 ||   226
 Abil: Shaft Self        |       |     1 |     1 ||     2
Evoke: Wand              |       |       |     4 ||     4
  Use: Potion            |       |     4 |     4 ||     8
       Scroll            |       |     1 |       ||     1
Armor: Scale mail        |    39 |    55 |    14 ||   108
       Skin              |       |       |    28 ||    28
Dodge: Dodged            |    33 |    61 |    21 ||   115
Block: Buckler           |    13 |    23 |    15 ||    51

Table legend: (Time is in decaauts)
 A = Elapsed time spent in this place.
 B = Non-inter-level travel time spent in this place.
 C = Inter-level travel time spent in this place.
 D = Time resting spent in this place.
 E = Time spent auto-exploring this place.
 F = Levels seen in this place.
 G = Mean time per level.
                   A        B        C        D        E       F      G
               +--------+--------+--------+--------+--------+-----+--------+
         Total |   4300 |   4210 |     90 |    205 |   3175 |   5 |  860.0 |
       Dungeon |   4300 |   4210 |     90 |    205 |   3175 |   5 |  860.0 |
               +--------+--------+--------+--------+--------+-----+--------+

Top non-repeatable levels by time:
     D:2: 1329 daAuts
     D:3: 1117 daAuts
     D:4: 876 daAuts
     D:1: 668 daAuts
     D:5: 308 daAuts
